 Dungeon Crawl Stone Soup version 0.28.0-53-g5a82cb258f (webtiles) character file.

Game seed: 8278019049821511223

4242 Kaptain the Thaumaturge (level 10, -9/59 HPs)
             Began as a Deep Elf Earth Elementalist on June 18, 2022.
             Mangled by a vault guard
             ... wielding a +0 broad axe
              (12 damage)
             ... in a bailey on June 27, 2022.
             The game lasted 00:19:59 (8644 turns).

Kaptain the Thaumaturge (DEEE)                      Turns: 8644, Time: 00:20:00

Health: -9/59      AC:  6    Str:  7    XL:     10   Next: 9%
Magic:  2/25       EV: 14    Int: 23    God:
Gold:   219        SH:  0    Dex: 15    Spells: 23/27 levels left

rFire   . . .      SeeInvis .   r - +3 hand axe (venom)
rCold   . . .      Faith    .   (no shield)
rNeg    . . .      Spirit   .   u - +0 leather armour
rPois   .          Reflect  .   j - +1 helmet
rElec   .          Harm     .   (no cloak)
rCorr   .          Rampage  .   (no gloves)
Will    +....                   A - +0 pair of boots
Stlth   +.........              (no amulet)
HPRegen 0.19/turn               (no ring)
MPRegen 0.19/turn               (no ring)

@: very slow
A: no striking features
a: no special abilities


You were in a bailey.
You visited 2 branches of the dungeon, and saw 8 of its levels.
You also visited: Bailey.

You collected 245 gold pieces.
You spent 26 gold pieces at shops.

Inventory:

Hand Weapons
 h - a +0 hunting sling
 k - a +0 long sword
 r - a +3 hand axe of venom (weapon)
Missiles
 c - 17 stones
 f - 47 sling bullets
Armour
 e - an orb of energy
 j - a +1 helmet (worn)
 u - a +0 leather armour (worn)
 A - a +0 pair of boots (worn)
Magical Staves
 b - a staff of poison
Wands
 d - a wand of charming (8)
 m - a wand of iceblast (6)
 B - a wand of acid (10)
Scrolls
 a - a scroll of immolation
 g - 2 scrolls of teleportation
 n - a scroll of enchant weapon
 s - a scroll of vulnerability
 t - 3 scrolls of blinking
 y - a scroll of enchant armour
Potions
 i - a potion of curing
 l - 3 potions of flight
 p - 2 potions of might
 q - 3 potions of heal wounds
 w - a potion of ambrosia
 x - a potion of brilliance {unknown}
 z - a potion of mutation {unknown}


   Skills:
 * Level 5.3 Fighting
 + Level 3.5 Armour
 + Level 5.9 Dodging
 + Level 3.9 Stealth
 * Level 9.0 Spellcasting
 * Level 6.9 Conjurations
 - Level 1.1 Transmutations
 * Level 7.8 Earth Magic


You had 23 spell levels left.
You knew the following spells:

 Your Spells              Type           Power      Damage    Failure   Level
a - Sandblast             Erth           92%        2d19      1%          1
b - Stone Arrow           Conj/Erth      88%        3d12      1%          3

Your spell library contained the following spells:

 Spells                   Type           Power      Damage    Failure   Level
 Passwall                 Tmut/Erth      25%        N/A       2%          2
 Apportation              Tloc           20%        N/A       9%          1
 Petrify                  Tmut/Erth      30%        N/A       14%         4
 Summon Guardian Golem    Hex/Summ       10%        N/A       26%         3
 Lightning Bolt           Conj/Air       13%        1d26      52%         5
 Airstrike                Air            5%         N/A       65%         4
 Summon Lightning Spire   Summ/Air       10%        N/A       65%         4
 Alistair's Intoxication  Tmut/Pois      8%         N/A       90%         5
 Orb of Destruction       Conj           21%        9d8       99%         7
 Spellforged Servitor     Conj/Summ      13%        N/A       100%        7


Dungeon Overview and Level Annotations

Branches:
Dungeon (7/15)             Temple (1/1) D:6          Bailey (1/1)

Altars:
Ashenzari
Cheibriados
Dithmenos
Fedhas
Hepliaklqana
Kikubaaqudgha
Makhleb
Nemelex Xobeh
Okawaru
Qazlal
Ru
Sif Muna
Trog
Uskayaw
Vehumet
Wu Jian
Xom
Yredelemnul
Zin
The Shining One

Shops:
D:3 ?   D:7 [

Annotations:
Bailey Prince Ribbit


Message History

Casting: Stone Arrow (safe; 1% risk of failure)
Confirm with . or Enter, or press ? or * to list all spells.
Aiming: Stone Arrow (safe; 1% risk of failure)
Press: ? - help, Shift-Dir - straight line, f/p - vault guard
Aim: a vault guard, wielding a +0 broad axe and wearing a +0 plate armour (lightly wounded, 76% to hit)
The stone arrow hits the vault guard!
The vault guard is heavily wounded.
The vault guard splashes around in the water.
Casting: Stone Arrow (safe; 1% risk of failure)
Confirm with . or Enter, or press ? or * to list all spells.
Aiming: Stone Arrow (safe; 1% risk of failure)
Press: ? - help, Shift-Dir - straight line, f/p - vault guard
Aim: a vault guard, wielding a +0 broad axe and wearing a +0 plate armour (heavily wounded, 76% to hit)
The stone arrow hits the vault guard!!
The vault guard is severely wounded.
The vault guard hits you with a +0 broad axe!!
Casting: Stone Arrow (safe; 1% risk of failure)
Confirm with . or Enter, or press ? or * to list all spells.
Aiming: Stone Arrow (safe; 1% risk of failure)
Press: ? - help, Shift-Dir - straight line, f/p - vault guard
Aim: a vault guard, wielding a +0 broad axe and wearing a +0 plate armour (severely wounded, 76% to hit)
The stone arrow hits the vault guard but does no damage.
The vault guard is severely wounded.
The vault guard hits you with a +0 broad axe!!
* * * LOW HITPOINT WARNING * * *
Casting: Stone Arrow (safe; 1% risk of failure)
Confirm with . or Enter, or press ? or * to list all spells.
Aiming: Stone Arrow (safe; 1% risk of failure)
Press: ? - help, Shift-Dir - straight line, f/p - vault guard
Aim: a vault guard, wielding a +0 broad axe and wearing a +0 plate armour (severely wounded, 76% to hit)
The stone arrow hits the vault guard!
The vault guard is almost dead.
The vault guard completely misses you.
Aiming: Corrosive Bolt
Press: ? - help, Shift-Dir - straight line, f/p - vault guard
Aim: a vault guard, wielding a +0 broad axe and wearing a +0 plate armour (almost dead, 71% to hit)
The bolt of acid hits the vault guard but does no damage.
The vault guard is almost dead.
The vault guard hits you with a +0 broad axe!
You die...

##...## #.....#
#.∩.∩.# #.....######
####..)##....##
##≈≈#'#'#......##
#≈≈≈≈≈#[[.p#....#
#≈≈≈p≈#...####..#
#≈≈@≈≈#...#.....#
##[[≈##...#.....#
###+####..###'###
#...)..'..#≈..≈≈#
#......####≈..≈≈#
#.....##≈##≈.≈≈#####
##....#≈≈≈≈≈.≈≈#..≈#
##..##≈≈≈≈≈.p≈#...≈
##.#≈≈≈≈...≈≈##..≈


You could see a vault guard.

Vanquished Creatures
  A vault guard (Bailey)
  A gargoyle (D:5)
  5 yaks (D:6)
  4 humans (Bailey)
  An orc warrior (D:6)
  An ice beast (D:6)
  3 ogres
  A centaur (D:6)
  2 phantoms (D:6)
  9 bullfrogs
  A water moccasin zombie (D:6)
  A scorpion (D:4)
  A howler monkey (D:5)
  A jelly (D:4)
  2 hounds (D:6)
  2 orc priests
  3 bullfrog zombies
  A centaur skeleton (D:7)
  4 iguanas (D:6)
  5 orc wizards
  A killer bee zombie (D:7)
  A howler monkey zombie (D:5)
  4 gnolls
  An adder (D:5)
  2 shadow imps
  An ufetubus (D:5)
  An adder skeleton (D:4)
  2 worms
  4 dart slugs
  13 orcs
  13 ball pythons
  5 bats
  3 endoplasms
  2 giant cockroaches
  4 goblins
  5 hobgoblins
  A jackal (D:4)
  3 frilled lizards (D:1)
  3 kobolds
  7 rats
125 creatures vanquished.

Notes
Turn   | Place    | Note
-------+----------+-------------------------------------------
     0 | D:1      | Kaptain the Deep Elf Earth Elementalist began the quest for
                  | the Orb.
     0 | D:1      | Reached XP level 1. HP: 10/10 MP: 6/6
   371 | D:1      | Reached XP level 2. HP: 8/16 MP: 5/8
   984 | D:2      | Reached skill level 1 in Conjurations
   995 | D:2      | Found an ancient bone altar of Kikubaaqudgha.
  1035 | D:2      | Reached XP level 3. HP: 20/20 MP: 5/9
  1039 | D:2      | Learned a level 3 spell: Stone Arrow
  1164 | D:2      | Reached skill level 1 in Fighting
  1708 | D:3      | You fall into a shaft and drop 3 floors!
  1717 | D:6      | Reached XP level 4. HP: 25/25 MP: 6/11
  1780 | D:6      | Found a shimmering blue altar of Sif Muna.
  1804 | D:6      | Noticed a phantom
  1817 | D:6      | Killed a phantom
  1818 | D:6      | Reached skill level 1 in Armour
  1818 | D:6      | Reached skill level 4 in Spellcasting
  1818 | D:6      | Reached XP level 5. HP: 11/29 MP: 2/13
  2152 | D:6      | Noticed an orc warrior
  2188 | D:6      | Killed an orc warrior
  2189 | D:6      | Reached XP level 6. HP: 6/35 MP: 3/15
  2524 | D:6      | Reached skill level 5 in Spellcasting
  2602 | D:5      | Entered Level 5 of the Dungeon
  3024 | D:3      | Found a faded altar of an unknown god.
  3026 | D:3      | Reached XP level 7. HP: 40/40 MP: 16/16
  3192 | D:3      | Found Vuqoc's Magic Scroll Shoppe.
  3248 | D:3      | Bought a scroll of identify for 26 gold pieces
  3566 | D:4      | Reached skill level 5 in Earth Magic
  4288 | D:4      | Found an ancient bone altar of Kikubaaqudgha.
  4443 | D:5      | Noticed a gargoyle
  4450 | D:5      | Killed a gargoyle
  4451 | D:5      | Reached skill level 6 in Spellcasting
  4451 | D:5      | Reached XP level 8. HP: 46/46 MP: 5/19
  5084 | D:5      | Found an ornate altar of the Wu Jian Council.
  5195 | D:5      | Found a shimmering altar of Xom.
  5196 | D:5      | Found a hazy altar of Hepliaklqana.
  5197 | D:5      | Noticed a spectral ugly thing
  5197 | D:5      | Noticed a will-o-the-wisp
  6088 | D:6      | Reached skill level 7 in Spellcasting
  6088 | D:6      | Reached skill level 5 in Conjurations
  6302 | D:6      | Reached XP level 9. HP: 29/52 MP: 12/22
  6304 | D:6      | Reached skill level 5 in Dodging
  6939 | D:6      | Found a staircase to the Ecumenical Temple.
  7121 | D:6      | Found an iron altar of Okawaru.
  7315 | Temple   | Entered the Ecumenical Temple
  7552 | D:7      | Found a shadowy altar of Dithmenos.
  7583 | D:7      | Found Feziwk's Antique Armour Shop.
  7642 | D:7      | Reached skill level 8 in Spellcasting
  7661 | D:7      | Found a flagged portal.
  7672 | Bailey   | Entered a bailey
  8043 | Bailey   | Noticed a vault guard
  8092 | Bailey   | Reached skill level 5 in Fighting
  8360 | Bailey   | Killed a vault guard
  8361 | Bailey   | Reached skill level 9 in Spellcasting
  8361 | Bailey   | Reached XP level 10. HP: 17/59 MP: 3/25
  8591 | Bailey   | Noticed Prince Ribbit
  8591 | Bailey   | Noticed a vault guard
  8644 | Bailey   | Mangled by a vault guard

Illustrated notes

Levels and vault maps discovered:
D:1:      dpeg_arrival_orchard, layout_loops_ring
D:2:      minmay_alternating_diamond, layout_loops_ring, basic_altar
D:3:      layout_rooms, shapermc_ecumenical_altar_mp_highgroup, serial_shops,
          nicolae_lakefront_shop
D:4:      mumra_celtic_spiral_tile, layout_cave_pools, marbit_many_paths
D:5:      layout_basic, regret_index_temple_of_mockery,
          overflow_temple_1_default, st_stairs_14, kennysheep_cross_bottleneck
D:6:      layout_basic, lemuel_blue_sif_altar, okawaru_gym_becter,
          minmay_temple_entry_stoned_glass, serial_corexii_hall,
          corexii_hall_statues_l, corexii_hall_statues_l,
          corexii_hall_statues_u, chequers_hall_statues_corner_a
D:7:      lemuel_ratsnest, layout_loops_cross, mainiacjoe_overflow_brackets,
          nicolae_elyvilon_peaceful_grove, enter_bailey_2, serial_shops,
          nicolae_shop_stone, lemuel_old_faithful
Temple:   dshaligram_water_room_temple
Bailey:   bailey_axe_froggy_fort_hellmonk, bailey

Skill      XL: |  1  2  3  4  5  6  7  8  9 |
---------------+----------------------------+-----
Conjurations   | 1 2 3 4 5 6 |  6.9
Fighting       | 1 2 3 4 5 |  5.3
Armour         | 1 2 3 |  3.5
Dodging        | 3 4 5 |  5.9
Spellcasting   | 4 5 6 7 9 |  9.0
Earth Magic    | 4 5 6 7 |  7.8
Stealth        | 3 |  3.9
Transmutations | |  1.1

Action                   |  1- 3 |  4- 6 |  7- 9 | 10-12 || total
-------------------------+-------+-------+-------+-------++-------
Melee: Hand axe          |       |       |     9 |       ||     9
       Punch             |       |       |     1 |       ||     1
 Fire: Hunting sling     |    40 |    17 |    89 |       ||   146
 Cast: Sandblast         |    39 |    14 |    37 |       ||    90
       Stone Arrow       |     1 |    14 |    96 |     8 ||   119
Evoke: Wand              |       |       |       |     1 ||     1
  Use: Scroll            |       |       |    17 |       ||    17
Armor: Leather armour    |       |       |    14 |       ||    14
Dodge: Dodged            |     9 |     4 |    45 |     2 ||    60
